[ AOE2 MATCH · #475855303 ]
UnrankedJapanese vs Vietnamese
[ REPLAY ANALYSIS · EXTRACTED FROM THE RECORDED GAME ]
Feudal
8:58
Castle
22:11
Imperial
—
| APM avg | 45.5 |
| APM peak | 92 |
| eAPM avg | 19.9 |
| Villagers / military | 62 / 56 |
Focus
⚔️ 31.7% · 🌾 68.3%
Archer ×49 · Militia ×3 · Mangonel ×2 · Monk ×1 · Battering Ram ×1
Feudal
9:15
Castle
26:39
Imperial
—
| APM avg | 23.0 |
| APM peak | 50 |
| eAPM avg | 12.0 |
| Villagers / military | 54 / 42 |
Focus
⚔️ 39.1% · 🌾 60.9%
Archer ×38 · Skirmisher ×3 · Mangonel ×1
Feudal
9:06
Castle
20:47
Imperial
—
| APM avg | 31.8 |
| APM peak | 58 |
| eAPM avg | 14.2 |
| Villagers / military | 67 / 14 |
Focus
⚔️ 25.6% · 🌾 74.4%
Unknown (1944) ×22 · Scout Cavalry ×7 · Spearman ×5 · Monk ×2
Feudal
9:52
Castle
24:30
Imperial
—
| APM avg | 27.4 |
| APM peak | 62 |
| eAPM avg | 15.0 |
| Villagers / military | 68 / 35 |
Focus
⚔️ 28.7% · 🌾 71.3%
Monk ×18 · Spearman ×12 · Scout Cavalry ×5
Match map
Initial resources + every placement click. Lines = walls · curves = elevation contours. ◆ gold · ⬟ stone · ● berries · ✦ relic · ◌ wall gap
Your base· ✓ Closed at 22:11 · 42t walls · no gate
The_Count's base· Open — unwalled flank
CapCalamari's base· Open — 2t gap
noelzey's base· ✓ Closed at 24:30 · 22t walls · 2 gate(s)
Smoothed initial terrain · ◌ = detected wall gap · hover for details
Inputs per minute
— Dr.acula - - The_Count
Build order — Dr.acula
First 150 of 204 actions detected
| 0:01 | Create | Villager (Male) |
| 0:01 | Create | Villager (Male) |
| 0:02 | Build | House |
| 0:04 | Build | House |
| 0:25 | Create | Villager (Male) |
| 0:35 | Create | Villager (Male) |
| 0:35 | Create | Villager (Male) |
| 1:27 | Create | Villager (Male) |
| 1:45 | Build | Lumber Camp |
| 2:01 | Create | Villager (Male) |
| 2:01 | Create | Villager (Male) |
| 2:14 | Create | Villager (Male) |
| 2:55 | Create | Villager (Male) |
| 3:09 | Create | Villager (Male) |
| 3:25 | Build | House |
| 3:34 | Create | Villager (Male) |
| 3:59 | Create | Villager (Male) |
| 4:12 | Create | Villager (Male) |
| 4:55 | Create | Villager (Male) |
| 5:01 | Build | Barracks |
| 5:22 | Create | Villager (Male) |
| 5:36 | Create | Villager (Male) |
| 5:40 | Research | Loom |
| 5:53 | Build | House |
| 6:48 | Research | Feudal Age |
| 7:06 | Create | Militia |
| 7:34 | Create | Militia |
| 7:50 | Build | Mining Camp |
| 8:05 | Build | Mill |
| 8:22 | Create | Militia |
| 8:58 | Age | Feudal Age |
| 9:05 | Create | Villager (Male) |
| 9:13 | Research | Man-at-Arms (upgrade) |
| 9:16 | Build | Farm |
| 9:17 | Build | Farm |
| 9:23 | Build | House |
| 9:25 | Build | Palisade Wall |
| 10:01 | Create | Villager (Male) |
| 10:05 | Build | Archery Range |
| 10:06 | Create | Villager (Male) |
| 10:24 | Create | Villager (Male) |
| 10:42 | Create | Villager (Male) |
| 10:46 | Build | House |
| 10:48 | Build | Farm |
| 11:27 | Create | Villager (Male) |
| 11:33 | Create | Villager (Male) |
| 11:45 | Create | Villager (Male) |
| 11:47 | Create | Archer |
| 11:47 | Create | Archer |
| 11:50 | Build | Blacksmith |
| 11:53 | Build | House |
| 12:11 | Research | Double-Bit Axe |
| 12:37 | Create | Archer |
| 12:45 | Create | Villager (Male) |
| 12:50 | Build | Palisade Wall |
| 13:07 | Research | Fletching |
| 13:13 | Build | House |
| 13:48 | Create | Archer |
| 13:51 | Create | Villager (Male) |
| 13:56 | Build | Farm |
| 13:57 | Build | Farm |
| 13:59 | Build | Farm |
| 14:05 | Build | Lumber Camp |
| 14:11 | Build | Palisade Wall |
| 14:13 | Build | Palisade Wall |
| 14:16 | Build | Mill |
| 14:19 | Create | Villager (Male) |
| 14:22 | Create | Archer |
| 14:34 | Create | Villager (Male) |
| 14:37 | Build | House |
| 14:39 | Build | Palisade Wall |
| 15:06 | Create | Archer |
| 15:08 | Create | Archer |
| 15:10 | Create | Villager (Male) |
| 15:13 | Build | Farm |
| 15:14 | Create | Villager (Male) |
| 15:19 | Create | Villager (Male) |
| 15:24 | Build | Farm |
| 15:28 | Build | Farm |
| 15:50 | Create | Archer |
| 16:00 | Create | Villager (Male) |
| 16:04 | Build | House |
| 16:07 | Build | House |
| 16:08 | Build | Palisade Wall |
| 16:19 | Build | Farm |
| 16:32 | Create | Archer |
| 16:33 | Create | Villager (Male) |
| 16:41 | Build | Farm |
| 17:26 | Create | Archer |
| 17:30 | Create | Villager (Male) |
| 17:35 | Build | Farm |
| 17:36 | Build | Farm |
| 17:40 | Build | Farm |
| 17:54 | Create | Archer |
| 17:54 | Create | Archer |
| 18:06 | Build | Farm |
| 18:12 | Create | Villager (Male) |
| 18:17 | Build | House |
| 18:20 | Build | Palisade Wall |
| 18:30 | Create | Villager (Male) |
| 18:38 | Build | Palisade Wall |
| 18:59 | Build | Market |
| 19:00 | Create | Archer |
| 19:31 | Research | Castle Age |
| 19:50 | Build | Archery Range |
| 20:15 | Create | Archer |
| 20:16 | Create | Villager (Male) |
| 20:19 | Build | House |
| 20:46 | Create | Archer |
| 20:51 | Research | Padded Archer Armor |
| 20:56 | Create | Archer |
| 21:00 | Create | Archer |
| 21:03 | Build | Palisade Wall |
| 21:18 | Create | Archer |
| 21:18 | Create | Archer |
| 21:29 | Create | Archer |
| 21:30 | Create | Archer |
| 21:48 | Create | Archer |
| 21:57 | Research | Gold Mining |
| 22:11 | Age | Castle Age |
| 22:17 | Research | Crossbowman (upgrade) |
| 22:40 | Create | Villager (Male) |
| 22:40 | Create | Villager (Male) |
| 22:41 | Create | Villager (Male) |
| 23:01 | Create | Villager (Male) |
| 23:07 | Build | House |
| 23:16 | Research | Bodkin Arrow |
| 23:24 | Create | Archer |
| 23:25 | Create | Archer |
| 23:37 | Build | Palisade Wall |
| 23:40 | Research | Bow Saw |
| 23:41 | Create | Villager (Male) |
| 23:50 | Build | Farm |
| 24:06 | Build | Siege Workshop |
| 24:08 | Create | Archer |
| 24:08 | Create | Archer |
| 24:18 | Create | Villager (Male) |
| 24:25 | Create | Villager (Male) |
| 25:08 | Build | House |
| 25:12 | Create | Villager (Male) |
| 25:12 | Create | Villager (Male) |
| 25:15 | Create | Archer |
| 25:15 | Create | Archer |
| 25:20 | Build | Farm |
| 25:35 | Create | Mangonel |
| 25:50 | Create | Archer |
| 25:51 | Create | Archer |
| 26:05 | Build | Town Center |
| 26:06 | Create | Villager (Male) |
| 26:09 | Create | Villager (Male) |
Build order — The_Count
First 150 of 163 actions detected
| 0:01 | Create | Villager (Male) |
| 0:01 | Create | Villager (Male) |
| 0:03 | Build | House |
| 0:04 | Build | House |
| 0:29 | Create | Villager (Male) |
| 0:35 | Create | Villager (Male) |
| 1:36 | Create | Villager (Male) |
| 2:09 | Create | Villager (Male) |
| 2:21 | Build | Lumber Camp |
| 2:23 | Create | Villager (Male) |
| 2:47 | Create | Villager (Male) |
| 3:19 | Create | Villager (Male) |
| 3:36 | Create | Villager (Male) |
| 4:05 | Build | Mill |
| 4:23 | Create | Villager (Male) |
| 4:24 | Create | Villager (Male) |
| 4:53 | Build | House |
| 5:00 | Research | Loom |
| 5:20 | Create | Villager (Male) |
| 5:20 | Create | Villager (Male) |
| 5:34 | Create | Villager (Male) |
| 6:23 | Create | Villager (Male) |
| 6:56 | Research | Feudal Age |
| 8:12 | Build | Barracks |
| 8:58 | Build | Mining Camp |
| 9:03 | Create | Villager (Male) |
| 9:15 | Age | Feudal Age |
| 9:41 | Build | Archery Range |
| 10:03 | Build | House |
| 10:06 | Build | Palisade Wall |
| 10:07 | Build | Palisade Wall |
| 10:09 | Build | Palisade Wall |
| 10:11 | Build | Palisade Wall |
| 10:17 | Create | Villager (Male) |
| 10:41 | Create | Archer |
| 10:41 | Create | Archer |
| 10:46 | Build | House |
| 10:52 | Build | Palisade Wall |
| 10:56 | Create | Villager (Male) |
| 11:19 | Build | Lumber Camp |
| 11:57 | Create | Villager (Male) |
| 11:58 | Create | Villager (Male) |
| 11:58 | Create | Villager (Male) |
| 12:01 | Research | Double-Bit Axe |
| 12:01 | Research | Horse Collar |
| 12:05 | Build | Farm |
| 12:06 | Build | Farm |
| 12:28 | Create | Skirmisher |
| 12:29 | Create | Archer |
| 12:31 | Create | Archer |
| 12:41 | Build | House |
| 12:45 | Create | Villager (Male) |
| 13:17 | Build | Mill |
| 13:44 | Build | Farm |
| 14:01 | Create | Archer |
| 14:02 | Create | Archer |
| 14:03 | Create | Villager (Male) |
| 14:19 | Create | Archer |
| 14:35 | Build | Blacksmith |
| 14:36 | Create | Villager (Male) |
| 15:10 | Create | Villager (Male) |
| 15:11 | Create | Archer |
| 15:11 | Create | Archer |
| 15:11 | Create | Archer |
| 15:19 | Create | Villager (Male) |
| 15:22 | Build | House |
| 15:23 | Build | House |
| 15:25 | Create | Archer |
| 15:34 | Create | Villager (Male) |
| 15:35 | Create | Archer |
| 15:35 | Create | Archer |
| 15:50 | Research | Fletching |
| 16:19 | Build | Archery Range |
| 16:20 | Create | Archer |
| 17:11 | Create | Villager (Male) |
| 17:11 | Create | Archer |
| 17:13 | Create | Archer |
| 17:14 | Create | Archer |
| 17:18 | Create | Villager (Male) |
| 17:20 | Build | House |
| 17:23 | Build | House |
| 17:25 | Build | Palisade Wall |
| 17:59 | Create | Villager (Male) |
| 18:00 | Create | Archer |
| 18:00 | Create | Archer |
| 18:00 | Create | Archer |
| 18:23 | Create | Villager (Male) |
| 18:24 | Create | Archer |
| 18:24 | Create | Archer |
| 18:35 | Research | Padded Archer Armor |
| 18:36 | Create | Villager (Male) |
| 18:48 | Create | Villager (Male) |
| 18:49 | Create | Archer |
| 18:49 | Create | Archer |
| 18:56 | Create | Villager (Male) |
| 19:05 | Create | Villager (Male) |
| 19:06 | Create | Archer |
| 19:06 | Create | Archer |
| 19:16 | Create | Archer |
| 19:23 | Build | Farm |
| 19:26 | Build | Farm |
| 19:29 | Build | Farm |
| 19:32 | Build | Farm |
| 19:32 | Create | Villager (Male) |
| 19:33 | Create | Archer |
| 19:54 | Create | Villager (Male) |
| 20:00 | Create | Archer |
| 20:09 | Create | Villager (Male) |
| 20:19 | Create | Villager (Male) |
| 20:19 | Create | Villager (Male) |
| 20:21 | Create | Archer |
| 20:39 | Create | Villager (Male) |
| 20:46 | Build | Farm |
| 20:51 | Build | Farm |
| 20:59 | Create | Villager (Male) |
| 21:00 | Create | Archer |
| 21:12 | Create | Villager (Male) |
| 21:13 | Create | Archer |
| 21:13 | Create | Archer |
| 21:39 | Build | Market |
| 21:41 | Build | House |
| 21:42 | Build | House |
| 21:43 | Build | House |
| 22:01 | Build | Farm |
| 22:02 | Build | Farm |
| 22:02 | Build | Farm |
| 22:02 | Build | Farm |
| 22:02 | Build | Farm |
| 22:03 | Build | Farm |
| 22:06 | Build | House |
| 22:08 | Build | House |
| 22:43 | Create | Villager (Male) |
| 23:07 | Build | Watch Tower |
| 23:26 | Build | Farm |
| 23:27 | Build | Farm |
| 23:59 | Research | Castle Age |
| 24:15 | Build | Watch Tower |
| 24:19 | Create | Villager (Male) |
| 24:41 | Research | Gold Mining |
| 25:20 | Build | Farm |
| 26:22 | Build | Farm |
| 26:24 | Create | Villager (Male) |
| 26:39 | Age | Castle Age |
| 26:46 | Build | Siege Workshop |
| 26:50 | Research | Crossbowman (upgrade) |
| 26:52 | Research | Bodkin Arrow |
| 26:54 | Create | Villager (Male) |
| 26:54 | Create | Villager (Male) |
| 27:08 | Create | Villager (Male) |
| 27:19 | Build | Lumber Camp |
Build order — CapCalamari
First 150 of 208 actions detected
| 0:00 | Create | Villager (Male) |
| 0:01 | Create | Villager (Male) |
| 0:01 | Create | Villager (Male) |
| 0:02 | Build | House |
| 0:04 | Build | House |
| 0:25 | Create | Villager (Male) |
| 1:26 | Create | Villager (Male) |
| 1:54 | Build | Lumber Camp |
| 2:06 | Create | Villager (Male) |
| 2:18 | Create | Villager (Male) |
| 2:52 | Create | Villager (Male) |
| 3:14 | Create | Villager (Male) |
| 3:24 | Build | House |
| 3:43 | Create | Villager (Male) |
| 3:57 | Build | Mill |
| 4:08 | Create | Villager (Male) |
| 4:17 | Create | Villager (Male) |
| 4:32 | Create | Villager (Male) |
| 5:29 | Create | Villager (Male) |
| 5:46 | Create | Villager (Male) |
| 6:01 | Create | Villager (Male) |
| 6:14 | Create | Villager (Male) |
| 6:23 | Research | Loom |
| 6:56 | Research | Feudal Age |
| 7:50 | Build | Barracks |
| 7:58 | Build | House |
| 8:03 | Build | Palisade Wall |
| 8:05 | Create | Villager (Male) |
| 9:06 | Age | Feudal Age |
| 9:11 | Build | Stable |
| 9:17 | Research | Double-Bit Axe |
| 9:43 | Create | Villager (Male) |
| 9:49 | Create | Spearman |
| 9:51 | Create | Villager (Male) |
| 9:58 | Build | Mill |
| 9:59 | Create | Scout Cavalry |
| 10:00 | Create | Villager (Male) |
| 10:07 | Research | Horse Collar |
| 10:18 | Build | House |
| 10:21 | Build | Palisade Wall |
| 10:28 | Create | Scout Cavalry |
| 10:29 | Create | Villager (Male) |
| 10:53 | Build | House |
| 11:18 | Create | Scout Cavalry |
| 11:18 | Create | Villager (Male) |
| 11:24 | Build | Farm |
| 11:24 | Build | Farm |
| 11:25 | Build | Farm |
| 11:25 | Build | Farm |
| 11:25 | Build | Farm |
| 11:49 | Build | Farm |
| 12:05 | Create | Spearman |
| 12:21 | Create | Villager (Male) |
| 12:35 | Build | Palisade Wall |
| 12:43 | Create | Scout Cavalry |
| 12:46 | Build | Farm |
| 12:48 | Build | Farm |
| 12:53 | Build | Farm |
| 13:14 | Create | Villager (Male) |
| 13:31 | Create | Villager (Male) |
| 13:46 | Create | Villager (Male) |
| 13:51 | Build | Farm |
| 14:10 | Build | House |
| 14:15 | Build | Farm |
| 14:17 | Research | Wheelbarrow |
| 14:26 | Create | Spearman |
| 14:29 | Build | House |
| 14:31 | Create | Villager (Male) |
| 14:44 | Build | Mining Camp |
| 15:23 | Create | Spearman |
| 15:26 | Build | House |
| 15:58 | Create | Spearman |
| 16:03 | Build | House |
| 16:16 | Create | Villager (Male) |
| 16:52 | Build | Farm |
| 16:54 | Build | Farm |
| 16:55 | Build | Farm |
| 17:29 | Build | Blacksmith |
| 17:32 | Create | Villager (Male) |
| 17:47 | Build | Farm |
| 18:02 | Build | Stable |
| 18:06 | Build | Farm |
| 18:07 | Research | Castle Age |
| 18:09 | Research | Gold Mining |
| 18:30 | Build | Farm |
| 18:36 | Build | Farm |
| 19:05 | Research | Bloodlines |
| 19:16 | Build | Farm |
| 19:39 | Research | Scale Barding Armor |
| 19:44 | Build | House |
| 19:46 | Build | House |
| 20:14 | Research | Forging |
| 20:47 | Age | Castle Age |
| 20:51 | Create | Unit 1944 |
| 20:52 | Create | Unit 1944 |
| 20:57 | Create | Unit 1944 |
| 20:58 | Create | Unit 1944 |
| 21:09 | Create | Unit 1944 |
| 21:09 | Create | Unit 1944 |
| 21:11 | Create | Villager (Male) |
| 21:31 | Create | Villager (Male) |
| 21:31 | Create | Villager (Male) |
| 21:40 | Build | Palisade Wall |
| 21:45 | Create | Villager (Male) |
| 21:46 | Create | Villager (Male) |
| 21:54 | Create | Unit 1944 |
| 22:09 | Research | Bow Saw |
| 22:33 | Build | Monastery |
| 22:33 | Create | Villager (Male) |
| 22:34 | Create | Villager (Male) |
| 22:43 | Create | Unit 1944 |
| 22:54 | Build | Farm |
| 23:09 | Create | Unit 1944 |
| 23:26 | Create | Unit 1944 |
| 23:26 | Create | Unit 1944 |
| 23:26 | Create | Villager (Male) |
| 23:57 | Create | Unit 1944 |
| 23:59 | Create | Villager (Male) |
| 24:09 | Build | Farm |
| 24:10 | Build | Farm |
| 24:14 | Create | Villager (Male) |
| 24:14 | Create | Villager (Male) |
| 24:40 | Create | Unit 1944 |
| 24:42 | Create | Villager (Male) |
| 25:08 | Create | Monk |
| 25:20 | Build | Farm |
| 25:22 | Research | Heavy Plow |
| 25:24 | Create | Villager (Male) |
| 25:24 | Create | Villager (Male) |
| 25:38 | Create | Unit 1944 |
| 25:41 | Build | Farm |
| 25:44 | Build | House |
| 25:45 | Build | House |
| 25:53 | Build | Farm |
| 25:54 | Build | Farm |
| 26:14 | Create | Unit 1944 |
| 26:17 | Create | Villager (Male) |
| 26:17 | Create | Villager (Male) |
| 26:19 | Build | Farm |
| 26:41 | Build | Town Center |
| 26:52 | Create | Unit 1944 |
| 26:52 | Create | Unit 1944 |
| 27:15 | Create | Villager (Male) |
| 27:15 | Create | Villager (Male) |
| 27:24 | Create | Villager (Male) |
| 27:24 | Create | Villager (Male) |
| 28:12 | Research | Devotion |
| 28:24 | Create | Villager (Male) |
| 28:24 | Create | Villager (Male) |
| 28:35 | Create | Monk |
Build order — noelzey
First 150 of 199 actions detected
| 0:00 | Create | Villager (Male) |
| 0:01 | Create | Villager (Male) |
| 0:02 | Build | House |
| 0:04 | Build | House |
| 0:32 | Create | Villager (Male) |
| 0:32 | Create | Villager (Male) |
| 0:32 | Create | Villager (Male) |
| 0:44 | Create | Villager (Male) |
| 1:27 | Create | Villager (Male) |
| 2:03 | Create | Villager (Male) |
| 2:18 | Build | Lumber Camp |
| 2:20 | Create | Villager (Male) |
| 2:42 | Build | House |
| 2:45 | Create | Villager (Male) |
| 3:19 | Build | House |
| 3:22 | Create | Villager (Male) |
| 4:20 | Create | Villager (Male) |
| 4:48 | Create | Villager (Male) |
| 4:55 | Create | Villager (Male) |
| 5:16 | Build | Mill |
| 5:20 | Create | Villager (Male) |
| 6:02 | Create | Villager (Male) |
| 6:26 | Create | Villager (Male) |
| 7:17 | Create | Villager (Male) |
| 7:25 | Research | Feudal Age |
| 7:25 | Research | Loom |
| 8:14 | Build | House |
| 8:58 | Build | Barracks |
| 9:52 | Age | Feudal Age |
| 9:58 | Build | Stable |
| 10:01 | Create | Villager (Male) |
| 10:02 | Create | Villager (Male) |
| 10:05 | Research | Double-Bit Axe |
| 10:52 | Build | Mill |
| 10:53 | Create | Scout Cavalry |
| 10:53 | Create | Scout Cavalry |
| 10:54 | Create | Scout Cavalry |
| 10:58 | Create | Spearman |
| 11:20 | Create | Villager (Male) |
| 11:23 | Build | Farm |
| 11:24 | Build | Farm |
| 11:24 | Build | Farm |
| 11:28 | Create | Villager (Male) |
| 11:29 | Create | Villager (Male) |
| 11:31 | Create | Scout Cavalry |
| 12:03 | Create | Spearman |
| 12:04 | Create | Spearman |
| 12:13 | Build | House |
| 12:18 | Create | Villager (Male) |
| 12:22 | Research | Horse Collar |
| 12:25 | Build | Farm |
| 12:26 | Build | Farm |
| 12:26 | Build | Farm |
| 12:26 | Build | Farm |
| 12:40 | Build | House |
| 12:42 | Create | Spearman |
| 12:42 | Create | Spearman |
| 12:57 | Build | House |
| 13:07 | Create | Villager (Male) |
| 13:13 | Build | House |
| 13:25 | Build | House |
| 13:29 | Create | Villager (Male) |
| 13:43 | Build | Farm |
| 13:43 | Build | Farm |
| 13:43 | Build | Farm |
| 13:43 | Build | Farm |
| 13:44 | Build | Farm |
| 14:14 | Create | Villager (Male) |
| 14:14 | Create | Villager (Male) |
| 14:18 | Create | Villager (Male) |
| 14:21 | Build | Farm |
| 14:21 | Build | Farm |
| 14:30 | Build | Palisade Gate |
| 14:33 | Build | Palisade Wall |
| 14:38 | Create | Villager (Male) |
| 14:51 | Build | House |
| 14:55 | Build | Palisade Wall |
| 15:01 | Create | Villager (Male) |
| 15:01 | Create | Villager (Male) |
| 15:20 | Build | House |
| 15:21 | Build | House |
| 15:23 | Create | Spearman |
| 15:23 | Create | Spearman |
| 15:39 | Create | Villager (Male) |
| 15:41 | Build | Farm |
| 15:41 | Build | Farm |
| 15:42 | Build | Farm |
| 16:21 | Build | House |
| 16:26 | Build | Palisade Wall |
| 16:45 | Build | Mining Camp |
| 16:46 | Create | Villager (Male) |
| 16:51 | Create | Villager (Male) |
| 16:55 | Create | Spearman |
| 16:56 | Create | Spearman |
| 17:29 | Build | Farm |
| 17:29 | Build | Farm |
| 17:30 | Build | Farm |
| 17:30 | Build | Farm |
| 17:34 | Create | Villager (Male) |
| 17:35 | Build | House |
| 17:46 | Create | Villager (Male) |
| 17:46 | Create | Villager (Male) |
| 17:53 | Create | Villager (Male) |
| 18:00 | Build | Blacksmith |
| 18:01 | Create | Villager (Male) |
| 18:06 | Build | Farm |
| 18:32 | Build | Farm |
| 18:35 | Build | Farm |
| 18:59 | Build | Farm |
| 19:00 | Build | Farm |
| 19:00 | Build | Farm |
| 19:00 | Build | Farm |
| 19:11 | Build | House |
| 19:14 | Research | Forging |
| 19:19 | Build | Palisade Gate |
| 19:21 | Create | Villager (Male) |
| 19:50 | Build | House |
| 19:53 | Create | Villager (Male) |
| 19:59 | Build | Farm |
| 19:59 | Build | Farm |
| 20:00 | Build | Farm |
| 20:02 | Create | Villager (Male) |
| 20:08 | Build | Market |
| 20:09 | Create | Villager (Male) |
| 20:22 | Build | House |
| 20:23 | Create | Villager (Male) |
| 21:04 | Build | Farm |
| 21:04 | Build | Farm |
| 21:05 | Build | Farm |
| 21:05 | Build | Farm |
| 21:08 | Create | Villager (Male) |
| 21:34 | Build | House |
| 21:50 | Research | Castle Age |
| 21:59 | Create | Villager (Male) |
| 22:06 | Build | Palisade Wall |
| 22:07 | Create | Villager (Male) |
| 22:14 | Create | Villager (Male) |
| 22:42 | Research | Scale Barding Armor |
| 22:48 | Build | Stable |
| 23:08 | Build | Stable |
| 23:11 | Build | House |
| 23:12 | Build | Palisade Wall |
| 23:31 | Create | Spearman |
| 23:31 | Create | Spearman |
| 23:47 | Build | House |
| 24:30 | Age | Castle Age |
| 24:40 | Build | Monastery |
| 24:45 | Build | Monastery |
| 25:08 | Create | Villager (Male) |
| 25:15 | Create | Spearman |
Match timeline
| 5:01 | Dr.acula · first_building Barracks |
| 7:50 | CapCalamari · first_building Barracks |
| 8:03 | CapCalamari · wall_segment Palisade Wall x6 |
| 8:12 | The_Count · first_building Barracks |
| 8:58 | noelzey · first_building Barracks |
| 8:58 | Dr.acula · age_up feudal |
| 9:06 | CapCalamari · age_up feudal |
| 9:11 | CapCalamari · first_building Stable |
| 9:15 | The_Count · age_up feudal |
| 9:25 | Dr.acula · wall_segment Palisade Wall x5 |
| 9:41 | The_Count · first_building Archery Range |
| 9:52 | noelzey · age_up feudal |
| 9:58 | noelzey · first_building Stable |
| 10:05 | Dr.acula · first_building Archery Range |
| 10:06 | The_Count · wall_segment Palisade Wall x1 |
| 10:07 | The_Count · wall_segment Palisade Wall x1 |
| 10:09 | The_Count · wall_segment Palisade Wall x1 |
| 10:11 | The_Count · wall_segment Palisade Wall x1 |
| 10:21 | CapCalamari · wall_segment Palisade Wall x13 |
| 10:52 | The_Count · wall_segment Palisade Wall x1 |
| 12:35 | CapCalamari · wall_segment Palisade Wall x6 |
| 12:50 | Dr.acula · wall_segment Palisade Wall x5 |
| 14:11 | Dr.acula · wall_segment Palisade Wall x5 |
| 14:13 | Dr.acula · wall_segment Palisade Wall x9 |
| 14:33 | noelzey · wall_segment Palisade Wall x1 |
| 14:39 | Dr.acula · wall_segment Palisade Wall x7 |
| 14:55 | noelzey · wall_segment Palisade Wall x1 |
| 16:08 | Dr.acula · wall_segment Palisade Wall x5 |
| 16:26 | noelzey · wall_segment Palisade Wall x9 |
| 17:25 | The_Count · wall_segment Palisade Wall x2 |
| 18:20 | Dr.acula · wall_segment Palisade Wall x5 |
| 18:38 | Dr.acula · wall_segment Palisade Wall x1 |
| 20:47 | CapCalamari · age_up castle |
| 21:03 | Dr.acula · wall_segment Palisade Wall x1 |
| 21:40 | CapCalamari · wall_segment Palisade Wall x1 |
| 21:44 | noelzey · first_market_buy 100 food |
| 21:49 | noelzey · first_market_sell 100 wood |
| 22:06 | noelzey · wall_segment Palisade Wall x10 |
| 22:11 | Dr.acula · age_up castle |
| 22:33 | CapCalamari · first_building Monastery |
| 23:12 | noelzey · wall_segment Palisade Wall x1 |
| 23:17 | The_Count · first_market_buy 100 food |
| 23:18 | The_Count · first_market_sell 100 wood |
| 23:37 | Dr.acula · wall_segment Palisade Wall x1 |
| 24:06 | Dr.acula · first_building Siege Workshop |
| 24:30 | noelzey · age_up castle |
| 24:40 | noelzey · first_building Monastery |
| 25:39 | noelzey · wall_segment Palisade Wall x1 |
| 26:39 | The_Count · age_up castle |
| 26:46 | The_Count · first_building Siege Workshop |
| 27:48 | Dr.acula · first_building Monastery |
| 30:17 | The_Count · resign |
| 32:51 | noelzey · wall_segment Palisade Wall x1 |
[ AI ANALYSIS · 1 CREDIT ]
What really happened in this match?
Wolo.gg analyzes every decision: build order, eco, micro, common mistakes by bracket. Personalized analysis on WhatsApp or Discord in 30 seconds.
Civ guide
Japanese
Perfil
Jugador #456186